Map: Ruins of Seras

Players

FireCake - Winner!

  • Race: Zerg Zerg
  • League: Grandmaster

TOP

  • Race: Terran Terran

Event: Homestory Cup XII

VOD

Have the link to the VOD?

Description

Time

  • Played on: Dec. 17, 2015, 3:17 p.m.
  • Length: 10:37

All games in this series

Show
View Real Time Build Order
Export as new Build Order

FireCake Zerg - Winner!

Build Orders: Hatch First 

Get SALT Encoding   

  12  0:00  Drone  
  13  0:09  Drone  
  14  0:17  Overlord  
  14  0:23  Extractor  
  14  0:24  Drone  
  15  0:35  Drone x2  
  17  0:53  Hatchery  
  17  0:56  Drone  
  17  0:59  Drone  
  18  1:10  Extractor  
  17  1:15  Spawning Pool  
  17  1:18  Drone  
  17  1:20  Drone  
  18  1:27  Drone  
  19  1:37  Overlord  
  19  1:49  Drone  
  20  2:00  Drone  
  21  2:01  Queen  
  21  2:05  Zergling x2  
  21  2:06  Queen  
  26  2:14  Drone  
  27  2:17  Drone  
  29  2:22  Drone  
  29  2:32  Drone x2  
  31  2:42  Queen  
  33  2:44  Drone x2  
  33  2:45  Lair  
  35  2:52  Overlord  
  35  3:04  Drone  
  35  3:15  Drone x9  
  44  3:24  Overlord, Extractor x3  
  44  3:25  Drone  
  44  3:32  Metabolic Boost  
  42  3:39  Hatchery  
  41  3:41  Drone x2  
  41  3:46  Drone  
  41  3:47  Drone  
  45  3:54  Spire  
  44  3:56  Drone x2  
  46  4:03  Drone  
  46  4:04  Drone, Spine Crawler  
  46  4:09  Drone x2  
  49  4:13  Overlord  
  50  4:24  Drone  
  50  4:25  Zergling x4  
  50  4:27  Overlord  
  50  4:28  Overlord  
  52  4:31  Zergling x4  
  52  4:32  Zergling x2  
  52  4:33  Zergling x2  
  56  4:45  Overlord  
  56  5:08  Mutalisk x8  
  56  5:12  Overlord  
  56  5:14  Drone x4  
  75  5:23  Roach Warren  
  75  5:25  Evolution Chamber  
  75  5:26  Drone x2  
  75  5:31  Overlord  
  75  5:47  Drone x10  
  86  6:00  Drone x4  
  86  6:01  Drone x3  
  86  6:03  Zerg Missile Weapons Level 1  
  93  6:08  Glial Reconstitution  
  91  6:14  Overlord x3, Extractor  
  91  6:15  Extractor  
  91  6:16  Drone x4  
  93  6:27  Overlord  
  93  6:32  Roach x7  
  107  6:41  Roach  
  107  6:42  Roach x5  
  119  6:51  Overlord x2  
  119  6:52  Overlord  
  119  6:53  Roach  
  121  7:01  Roach x5  
  128  7:10  Roach  
  128  7:11  Roach x6  
  128  7:13  Ravager x5  
  128  7:14  Ravager  
  148  7:16  Ravager x3  
  148  7:18  Roach  
  148  7:19  Overlord  
  153  7:25  Roach x2  
  157  7:35  Roach x2  
  161  7:37  Overlord x4  
  159  7:57  Roach  
  159  7:58  Roach x7  
  169  8:07  Roach x2  
  165  8:13  Roach x9  
  177  8:25  Roach x3  
  162  8:32  Roach  
  162  8:33  Roach  
  138  8:38  Roach x3  
  141  8:46  Roach  
  143  8:55  Roach x2  
  147  8:59  Ravager  
  147  9:00  Ravager x5  
  147  9:02  Roach x3  
  157  9:10  Roach x8  
  157  9:11  Roach  
  157  9:16  Roach x2  
  169  9:18  Hatchery  
  169  9:20  Roach  
  156  9:28  Roach x3  
  162  9:36  Roach  
  162  9:37  Roach x8  
  180  9:47  Roach x3  
  180  9:52  Roach x2  
  166  9:56  Ravager x3  
  166  9:57  Overseer  
  166  9:58  Roach  
  169  10:06  Roach x7  
  183  10:13  Roach x4  
Show
View Real Time Build Order
Export as new Build Order

TOP Terran 

Build Orders:  

Get SALT Encoding   

  12  0:00  SCV  
  13  0:12  SCV  
  14  0:18  Supply Depot  
  14  0:25  SCV  
  15  0:40  SCV, Barracks  
  16  0:44  Refinery  
  16  0:52  SCV  
  17  1:04  SCV  
  18  1:16  SCV  
  19  1:28  Barracks Reactor, Orbital Command  
  19  1:43  Command Center  
  19  1:53  Supply Depot  
  19  1:54  SCV  
  20  2:05  Factory  
  20  2:09  SCV  
  20  2:12  Marine  
  22  2:16  Refinery  
  22  2:21  SCV  
  23  2:23  Marine  
  23  2:29  Marine  
  24  2:33  SCV  
  26  2:43  Marine  
  27  2:45  SCV  
  27  2:49  Factory Tech Lab  
  27  2:51  Starport  
  29  2:57  Orbital Command  
  28  3:00  SCV  
  29  3:10  Siege Tank  
  32  3:13  SCV  
  32  3:18  Marine x2  
  35  3:24  SCV  
  35  3:25  SCV  
  37  3:28  Medivac  
  39  3:34  Supply Depot  
  39  3:36  SCV  
  39  3:37  Marine  
  39  3:39  Marine  
  39  3:41  SCV  
  44  3:48  SCV  
  44  3:53  Supply Depot  
  44  3:55  SCV  
  45  3:56  Siege Tank  
  45  3:57  Marine  
  49  4:03  SCV  
  49  4:09  Bunker  
  50  4:11  Medivac  
  50  4:13  SCV  
  50  4:15  Supply Depot  
  50  4:17  Marine x2  
  53  4:18  SCV  
  56  4:25  SCV  
  56  4:31  SCV  
  58  4:34  Marine  
  58  4:37  SCV  
  60  4:40  Supply Depot  
  60  4:41  Siege Tank, Marine  
  60  4:43  SCV  
  65  4:49  SCV  
  66  4:55  SCV  
  66  4:59  Command Center  
  67  5:00  Liberator  
  67  5:01  SCV  
  68  5:07  SCV  
  68  5:13  SCV  
  70  5:16  Liberator  
  70  5:19  SCV  
  74  5:22  Refinery  
  74  5:23  Refinery  
  74  5:26  SCV  
  75  5:28  Supply Depot  
  78  5:40  Supply Depot, Factory Reactor  
  78  5:41  Engineering Bay  
  78  5:43  SCV  
  75  5:51  Marine  
  75  5:53  SCV, Stimpack  
  75  5:55  Liberator  
  74  6:01  SCV, Liberator  
  75  6:05  SCV  
  75  6:07  Barracks x2, Missile Turret  
  75  6:09  Missile Turret, Barracks, Marine  
  77  6:13  Orbital Command  
  79  6:18  SCV  
  79  6:22  Supply Depot  
  81  6:32  Marine  
  81  6:37  Orbital Command  
  81  6:41  SCV  
  81  6:46  Factory Reactor  
  81  6:48  Factory Tech Lab  
  81  6:50  Marine  
  82  6:55  Medivac  
  81  7:01  Medivac  
  81  7:05  SCV  
  81  7:06  SCV x2  
  81  7:08  Barracks Reactor x2  
  86  7:11  Siege Tank  
  89  7:18  SCV x3  
  89  7:21  Marine  
  64  7:30  SCV, Medivac  
  93  7:34  SCV x2, Bunker  
  93  7:35  Bunker  
  98  7:37  Barracks  
  98  7:38  Terran Infantry Weapons Level 1  
  98  7:39  Marine  
  98  7:41  Engineering Bay  
  98  7:42  SCV, Supply Depot  
  100  7:46  SCV  
  100  7:51  Siege Tank  
  100  7:52  Marine x6  
  100  7:54  SCV  
  100  7:57  Marauder  
  100  7:58  SCV  
  94  8:10  Marine x6  
  94  8:18  Marine  
  87  8:23  Siege Tank  
  71  8:27  Marine x4  
  71  8:28  Marine x2  
  71  8:30  SCV x2  
  70  8:36  Marine  
  70  8:42  SCV x2  
  70  8:45  Marine x5  
  70  8:46  Marine  
  76  8:53  Marine  
  76  8:54  SCV x2  
  77  8:58  Barracks Reactor  
  77  9:02  Orbital Command  
  76  9:03  Marine x6  
  76  9:06  SCV  
  83  9:11  Marine  
  69  9:21  Marine x6  
  68  9:29  Marine  
  69  9:33  Orbital Command  
  69  9:38  Marine x2  
  71  9:39  Marine x4  
  75  9:45  Orbital Command  
  59  10:04  Siege Tank  
  62  10:11  Marine x4  
  66  10:15  SCV  
Tags
 
Add a new tag
Caveats
  • Supply blocks, unpowered buildings, or Contaminate may cause inaccurate times.
  • Supply counts are checked every 10 seconds.